 Dungeon Crawl Stone Soup version 0.21-a0-78-g82a99e0 (webtiles) character file.

36 4thArraOfDagon the Caller (level 3, 0/16 HPs)
             Began as a Felid Summoner on June 21, 2017.
             Slain by KristoblXynda's ghost (1 damage)
             ... on level 4 of the Dungeon.
             The game lasted 00:02:34 (491 turns).

4thArraOfDagon the Caller (Felid Summoner)           Turns: 491, Time: 00:02:34

Health: 0/16       AC:  1    Str:  9    XL:     3   Next: 19%
Magic:  3/7        EV: 17    Int: 22    God:
Gold:   81         SH:  0    Dex: 16    Spells: 5/6 levels left
                                        Lives:  0   Deaths: 0

rFire    . . .     SeeInvis +     - Unarmed
rCold    . . .     Gourm    .   (shield unavailable)
rNeg     . . .     Faith    .   (armour unavailable)
rPois    .         Spirit   .   (helmet unavailable)
rElec    .         Reflect  .   (cloak unavailable)
rCorr    .         Harm     .   (gloves unavailable)
MR       +....                  (boots unavailable)
Stlth    +++.......             (no amulet)
HPRegen  0.05/turn              c - ring of protection from magic
MPRegen  0.10/turn              (no ring)

@: mighty, brilliant, lethally poisoned (0 -> -4), drained, quick
A: no armour, no weapons or thrown items, stealth, claws 1, fangs 3, see
invisible, carnivore 3, speed 1, shaggy fur 1, slow metabolism 1, sharp paws
a: no special abilities


You were on level 4 of the Dungeon.
You were very full.

You visited 1 branch of the dungeon, and saw 4 of its levels.

You collected 81 gold pieces.

Inventory:

Jewellery
 c - a ring of protection from magic (left paw)
Scrolls
 g - a scroll of teleportation {unknown}
 h - 2 scrolls of remove curse {unknown}
 i - a scroll of random uselessness {unknown}
 j - a scroll of identify {unknown}
Potions
 e - a potion of might
Books
 a - a book of Callings

   Spells                             Type                      Level
   a - Summon Small Mammal            Summoning                    1
   b - Call Imp                       Summoning                    2
   c - Call Canine Familiar           Summoning                    3
   d - Summon Guardian Golem          Hexes/Summoning              3
   e - Summon Lightning Spire         Summoning/Air                4
   f - Summon Ice Beast               Ice/Summoning                4
Comestibles
 b - a meat ration
 d - 2 royal jellies


   Skills:
 + Level 1.7(1.4) Fighting
 - Level 2.6(2.4) Dodging
 - Level 2.6(2.4) Stealth
 * Level 2.1(1.8) Unarmed Combat
 - Level 2.0(1.7) Spellcasting
 - Level 4.0(3.7) Summonings


You had 5 spell levels left.
You knew the following spells:

 Your Spells              Type           Power        Failure   Level  Hunger
a - Summon Small Mammal   Summ           ####         1%          1    #......


Dungeon Overview and Level Annotations

Branches:
Dungeon (3/15)

Altars:
Gozag
Kikubaaqudgha

Annotations:
D:4 KristoblXynda's ghost, amateur TeAr


Innate Abilities, Weirdness & Mutations

You cannot wear armour.
You are incapable of wielding weapons or throwing items.
Your paws allow you to move quietly. (Stealth)
You have sharp claws.
You have razor-sharp teeth.
You have supernaturally acute eyesight. (SInv)
You are carnivorous and can eat meat at any time.
You cover ground quickly.
You are covered in fur. (AC +1)
You have a slow metabolism.
Your sharp claws are effective at attacking unaware monsters.


Message History

It was a potion of brilliance.
You feel clever all of a sudden.
You feel sick.
Found a stone staircase leading up.
There is an open door here.
Unknown command.
Casting: Summon Small Mammal
Confirm with . or Enter, or press ? or * to list all spells.
Unknown command.
You closely miss KristoblXynda's ghost.
Your bat barely misses KristoblXynda's ghost.
KristoblXynda's ghost ripples.
KristoblXynda's ghost closely misses you.
Unknown command.
You closely miss KristoblXynda's ghost.
Your bat hits KristoblXynda's ghost but does no damage.
KristoblXynda's ghost hits you.
* * * LOW HITPOINT WARNING * * *
You feel drained.
You die...

#. #. #.###### #+##
#..#...# #...#
#._..#.# #.....
##....# #......
.#####....###b......
.........rrb@W......
.#####....###.......
###.#.####......
#........##....<
#.###.##.# #...# #.
#.##.# #+## # ..##.#
#. #####.#
#..#####.#


You could see KristoblXynda's ghost, a friendly quokka, 2 friendly bats and a
friendly rat.

Vanquished Creatures
  2 adders
  3 dart slugs
  2 bats (D:1)
  A giant cockroach (D:2)
  3 goblins (D:1)
  3 rats (D:2)
14 creatures vanquished.

Vanquished Creatures (collateral kills)
  A kobold (D:1)
  A rat (D:1)
2 creatures vanquished.

Grand Total: 16 creatures vanquished

Notes
Turn   | Place    | Note
-------+----------+-------------------------------------------
     0 | D:1      | 4thArraOfDagon the Felid Summoner began the quest for the Orb.
     0 | D:1      | Reached XP level 1. HP: 7/7 MP: 4/4
    22 | D:1      | Reached skill level 1 in Unarmed Combat
    72 | D:1      | Reached XP level 2. HP: 10/12 MP: 6/6
   104 | D:1      | Reached skill level 1 in Fighting
   147 | D:2      | Found an ancient bone altar of Kikubaaqudgha.
   454 | D:3      | You fall through a shaft!
   470 | D:4      | Found an opulent altar of Gozag.
   480 | D:4      | Reached XP level 3. HP: 7/16 MP: 3/7
   486 | D:4      | Noticed KristoblXynda's ghost (amateur TeAr)
   491 | D:4      | Slain by KristoblXynda's ghost

Vault maps used:
D:1:      ncdulo_halloftheorcs, minmay_liquid_box, hangedman_glass_teeth,
          hangedman_decor_push
D:2:      lemuel_doored_altar, minmay_hexomino_u4
D:3:      minmay_rat_hole
D:4:      kennysheep_six_static_rooms, overflow_temple_1_default, bloody_trog,
          serial_shops, shop, uniq_natasha, uniq_pikel, uniq_duvessa

Skill      XL: |  1  2 |
---------------+-------+-----
Unarmed Combat | 1 2 |  2.1
Fighting       | 1 |  1.7
Dodging        | |  2.6
Stealth        | |  2.6
Spellcasting   | |  2.0
Summonings     | |  4.0

Action                   || total
-------------------------++-------
Melee: Unarmed           ||    44
       Bite              ||     3
 Cast: Summon Small Mamm ||     8
  Use: Potion            ||     2
 Stab: Sleeping          ||     7
  Eat: Chunk             ||     6
Armor: Skin              ||     1
Dodge: Dodged            ||    30
